Map: 세라스 폐허

Players

장민철 (MC) - Winner!

  • Race: Protoss Protoss
  • League: Grandmaster

llllllllllll

  • Race: Zerg Zerg
  • League: Grandmaster

VOD

Have the link to the VOD?

Description

Time

  • Played on: Feb. 29, 2016, 8:25 a.m.
  • Length: 13:59
Show
View Real Time Build Order
Export as new Build Order

장민철 Protoss - Winner!

Build Orders: Nexus First, Mass Adepts 

Get SALT Encoding   

  12  0:01  Probe (Chrono Boost)  
  13  0:11  Probe (Chrono Boost)  
  14  0:20  Pylon  
  14  0:22  Probe (Chrono Boost)  
  15  0:38  Probe (Chrono Boost)  
  16  0:48  Probe (Chrono Boost)  
  17  1:02  Nexus  
  17  1:06  Probe (Chrono Boost)  
  18  1:15  Gateway  
  18  1:19  Probe (Chrono Boost)  
  19  1:26  Assimilator  
  19  1:29  Probe (Chrono Boost)  
  20  1:34  Assimilator  
  20  1:41  Probe (Chrono Boost)  
  21  1:48  Gateway  
  21  1:52  Probe (Chrono Boost)  
  22  2:02  Probe (Chrono Boost)  
  22  2:05  Cybernetics Core  
  23  2:14  Probe x2 (Chrono Boost)  
  25  2:25  Probe x2 (Chrono Boost)  
  27  2:35  Probe x2 (Chrono Boost)  
  29  2:41  Adept x2 (Chrono Boost)  
  29  2:42  Warp Gate  
  33  2:46  Probe  
  33  2:50  Mothership Core (Chrono Boost)  
  36  2:55  Pylon  
  36  3:01  Pylon  
  36  3:04  Probe (Chrono Boost)  
  37  3:11  Probe (Chrono Boost)  
  38  3:14  Adept x2  
  38  3:17  Probe (Chrono Boost)  
  43  3:21  Probe (Chrono Boost)  
  44  3:28  Probe (Chrono Boost)  
  44  3:32  Probe (Chrono Boost)  
  46  3:39  Gateway  
  46  3:40  Gateway  
  46  3:41  Pylon  
  46  3:48  Adept x2  
  50  3:54  Twilight Council  
  50  3:56  Probe (Chrono Boost)  
  50  3:57  Probe (Chrono Boost)  
  50  4:02  Pylon  
  52  4:05  Pylon  
  52  4:06  Probe (Chrono Boost)  
  52  4:09  Probe (Chrono Boost)  
  55  4:17  Probe (Chrono Boost)  
  55  4:18  Adept  
  55  4:19  Probe (Chrono Boost), Adept  
  60  4:27  Probe (Chrono Boost)  
  60  4:28  Probe (Chrono Boost)  
  60  4:29  Pylon, Resonating Glaives (Chrono Boost)  
  62  4:38  Probe, Assimilator x2  
  62  4:39  Probe  
  62  4:44  Pylon  
  64  4:47  Adept x2  
  68  4:53  Adept  
  68  4:54  Adept  
  72  5:08  Nexus  
  72  5:15  Stargate x2  
  72  5:19  Probe  
  72  5:21  Probe  
  74  5:32  Adept x4  
  74  5:35  Probe  
  80  5:37  Probe  
  82  5:47  Pylon  
  82  5:48  Probe  
  83  5:50  Robotics Facility, Probe  
  84  6:01  Phoenix x2 (Chrono Boost)  
  88  6:08  Charge (Chrono Boost)  
  84  6:14  Adept x3  
  84  6:15  Adept  
  88  6:25  Probe x2  
  84  6:28  Phoenix x2 (Chrono Boost)  
  84  6:30  Probe  
  83  6:37  Probe x2  
  83  6:39  Observer (Chrono Boost)  
  86  6:44  Adept x3  
  86  6:45  Adept  
  94  6:48  Probe  
  94  6:49  Probe  
  94  6:53  Phoenix x2  
  96  6:59  Probe  
  96  7:00  Probe  
  96  7:01  Probe  
  103  7:03  Pylon  
  103  7:07  Pylon  
  103  7:11  Assimilator  
  103  7:14  Assimilator  
  103  7:15  Phoenix x2  
  105  7:23  Forge  
  105  7:26  Pylon  
  105  7:27  Immortal  
  109  7:34  Probe x3  
  112  7:37  Phoenix  
  112  7:39  Phoenix  
  114  7:45  Zealot x4  
  122  7:56  Protoss Ground Weapons Level 1 (Chrono Boost), Gateway  
  122  7:57  Gateway  
  122  8:01  Gateway  
  122  8:02  Gateway  
  122  8:04  Pylon  
  122  8:14  Templar Archives  
  114  8:29  Immortal  
  114  8:33  Zealot x4  
  122  8:37  Robotics Facility  
  122  8:38  Pylon  
  122  8:54  Gateway, Nexus  
  122  8:55  High Templar x2  
  122  8:56  Pylon, Gateway, High Templar x2  
  122  9:00  Zealot  
  122  9:01  Zealot, Archon  
  122  9:02  Archon  
  134  9:17  High Templar x2  
  134  9:23  Immortal (Chrono Boost)  
  146  9:24  Immortal (Chrono Boost)  
  144  9:32  Zealot x3  
  144  9:33  Zealot x3  
  144  9:34  Archon  
  154  9:40  Photon Cannon  
  154  9:42  Photon Cannon  
  154  9:50  High Templar x2  
  154  9:51  Zealot x2  
  156  9:54  Zealot x3  
  156  9:55  Archon  
  156  9:59  Zealot  
  160  10:02  Zealot x2  
  144  10:10  Protoss Ground Weapons Level 2  
  144  10:12  Zealot x2  
  112  10:15  Zealot x2  
  112  10:16  Zealot  
  104  10:26  Warp Prism (Chrono Boost)  
  104  10:27  Immortal (Chrono Boost)  
  106  10:33  Probe x3  
  106  10:34  Probe  
  109  10:39  High Templar x4  
  118  10:43  Archon  
  118  10:44  Archon  
  118  10:45  Probe x3  
  121  10:52  Adept x3  
  121  10:56  Mothership Core  
  128  10:57  Probe x2  
  128  11:01  Assimilator  
  128  11:03  High Templar x2, Assimilator  
  135  11:07  Archon  
  135  11:16  Immortal x2 (Chrono Boost)  
  141  11:27  Zealot x6  
  147  11:40  Zealot x4  
  151  11:50  Immortal (Chrono Boost)  
  151  11:51  Immortal (Chrono Boost)  
  157  11:56  Zealot x3  
  157  11:57  Zealot  
  157  11:58  High Templar x2  
  169  12:15  Zealot x4  
  165  12:26  Zealot  
  165  12:27  Zealot x3  
  171  12:36  Pylon  
  169  12:49  Nexus  
  163  12:58  Pylon  
  163  13:00  Pylon  
  163  13:01  Immortal x2 (Chrono Boost)  
  163  13:02  Pylon  
  149  13:08  High Templar x6  
  149  13:09  High Templar, Zealot  
  149  13:12  Archon x3  
  165  13:16  Pylon  
  165  13:17  High Templar, Zealot  
  169  13:20  Archon  
  169  13:38  Zealot  
  169  13:39  Zealot  
  169  13:40  Zealot x5  
  169  13:41  Zealot x2  
  156  13:54  Zealot  
Show
View Real Time Build Order
Export as new Build Order

llllllllllll Zerg 

Build Orders: Hatch First 

Get SALT Encoding   

  12  0:00  Drone  
  13  0:12  Overlord  
  13  0:18  Drone  
  14  0:31  Drone x2  
  14  0:34  Drone  
  17  0:46  Drone  
  18  0:56  Hatchery  
  17  0:59  Drone  
  18  1:04  Extractor  
  17  1:14  Spawning Pool  
  17  1:18  Drone  
  17  1:21  Drone  
  18  1:29  Drone  
  19  1:39  Drone  
  20  1:52  Drone  
  21  1:57  Hatchery  
  20  2:01  Queen  
  20  2:08  Metabolic Boost  
  22  2:18  Queen  
  22  2:21  Zergling x2  
  25  2:27  Overlord  
  25  2:30  Drone  
  25  2:33  Drone  
  25  2:36  Drone  
  28  2:46  Zergling x2  
  28  2:47  Zergling x2  
  30  2:53  Queen, Drone  
  30  2:54  Drone  
  30  2:57  Drone  
  35  2:59  Drone  
  35  3:05  Overlord  
  36  3:10  Drone x2  
  36  3:11  Drone  
  39  3:13  Drone  
  39  3:16  Drone  
  39  3:18  Drone  
  42  3:22  Overlord  
  42  3:24  Drone  
  42  3:26  Drone  
  44  3:28  Drone  
  44  3:29  Drone  
  44  3:31  Drone  
  44  3:33  Drone  
  48  3:35  Drone  
  48  3:38  Drone  
  48  3:40  Drone  
  51  3:41  Drone  
  51  3:47  Drone  
  52  3:52  Spore Crawler x2  
  52  3:54  Drone  
  52  3:55  Drone  
  52  3:56  Drone  
  52  3:57  Drone  
  52  3:58  Drone  
  52  4:01  Overlord  
  55  4:03  Drone x3  
  55  4:07  Overlord  
  59  4:11  Roach Warren  
  59  4:14  Extractor, Overlord  
  59  4:15  Extractor  
  56  4:17  Drone x2  
  56  4:18  Lair  
  56  4:20  Drone  
  59  4:24  Zergling x2  
  59  4:25  Zergling x4  
  62  4:32  Drone x3  
  62  4:33  Drone x5  
  62  4:34  Drone  
  62  4:35  Drone  
  72  4:38  Drone x2  
  72  4:43  Overlord  
  72  4:44  Extractor  
  73  4:50  Spine Crawler, Overlord  
  76  4:52  Roach  
  76  4:53  Roach  
  76  4:55  Spore Crawler  
  76  4:56  Roach  
  76  4:57  Roach  
  81  5:00  Roach  
  81  5:03  Roach x2  
  85  5:07  Roach  
  85  5:08  Roach  
  85  5:11  Spine Crawler, Roach  
  85  5:12  Roach x2  
  85  5:13  Zergling x2  
  95  5:14  Zergling x2  
  95  5:17  Overseer  
  95  5:20  Zergling x4  
  98  5:24  Overseer  
  99  5:29  Overlord  
  99  5:32  Overlord  
  99  5:33  Roach  
  99  5:34  Overlord  
  99  5:35  Overlord  
  95  5:36  Glial Reconstitution  
  95  5:41  Overlord  
  95  5:42  Drone x3  
  98  5:46  Extractor  
  98  5:47  Overlord  
  98  5:48  Drone x3  
  98  5:49  Zergling x2  
  102  5:50  Evolution Chamber, Zergling x4  
  102  5:53  Extractor  
  98  5:57  Zergling x2  
  98  5:58  Zergling x4  
  98  6:01  Zergling x4  
  98  6:08  Roach  
  98  6:10  Roach x3  
  98  6:14  Zergling x6  
  95  6:20  Zergling x6  
  92  6:25  Drone x2  
  92  6:26  Drone  
  92  6:27  Zerg Missile Weapons Level 1  
  93  6:35  Drone x3  
  93  6:39  Ravager x4  
  100  6:45  Drone x3  
  103  6:48  Zergling x6  
  103  6:59  Drone x3  
  103  7:01  Overlord  
  106  7:02  Hydralisk Den, Spore Crawler, Drone  
  106  7:03  Drone x3  
  107  7:12  Drone x4  
  107  7:13  Drone  
  107  7:15  Drone  
  111  7:21  Drone x2  
  113  7:31  Overlord  
  113  7:32  Muscular Augments  
  113  7:34  Drone x4  
  111  7:47  Hydralisk  
  111  7:48  Hatchery, Hydralisk x7  
  111  7:50  Hydralisk  
  128  7:53  Hydralisk  
  128  7:56  Hydralisk x2  
  128  7:57  Hydralisk  
  136  8:01  Hydralisk  
  136  8:02  Hydralisk  
  140  8:07  Hydralisk  
  140  8:12  Hydralisk x2  
  140  8:22  Overlord x3  
  140  8:25  Overlord x3  
  140  8:26  Overlord  
  136  8:31  Overlord  
  136  8:34  Overlord x2  
  136  8:35  Overlord  
  136  8:43  Roach x2  
  136  8:44  Roach x2  
  136  8:45  Ravager x6  
  136  8:46  Ravager x2  
  152  8:48  Roach  
  152  8:52  Roach x2  
  152  8:54  Roach  
  160  8:56  Roach  
  160  8:57  Overseer  
  160  9:01  Roach x2  
  165  9:03  Roach  
  165  9:05  Roach  
  165  9:06  Roach  
  171  9:11  Roach x3  
  172  9:19  Roach x4  
  172  9:21  Ravager x2  
  172  9:23  Zergling x6  
  185  9:32  Roach x2  
  185  9:33  Roach x3  
  185  9:34  Drone  
  185  9:35  Drone  
  197  9:39  Drone  
  197  9:40  Drone  
  199  9:51  Roach x2  
  199  9:52  Roach x3  
  199  9:59  Roach  
  196  10:00  Roach x2  
  196  10:01  Roach  
  196  10:03  Roach  
  196  10:06  Roach  
  185  10:07  Roach  
  185  10:08  Roach  
  185  10:09  Roach  
  185  10:10  Roach  
  185  10:13  Roach  
  185  10:14  Roach x4  
  173  10:15  Zergling x2  
  173  10:18  Roach  
  173  10:19  Roach  
  173  10:20  Roach  
  148  10:22  Roach  
  148  10:26  Roach x2  
  148  10:27  Roach  
  142  10:28  Hydralisk  
  142  10:30  Zergling x2  
  142  10:32  Spore Crawler  
  142  10:33  Hydralisk  
  144  10:38  Hydralisk  
  144  10:39  Hydralisk  
  144  10:40  Hydralisk  
  144  10:42  Hydralisk  
  150  10:46  Queen  
  150  10:49  Hydralisk  
  154  10:51  Drone x2  
  154  10:52  Hydralisk  
  154  10:55  Hydralisk  
  160  10:59  Drone, Hydralisk  
  160  11:00  Hydralisk  
  160  11:03  Hydralisk  
  167  11:06  Hydralisk x2  
  167  11:09  Hydralisk  
  173  11:12  Queen  
  173  11:14  Hydralisk  
  177  11:23  Hydralisk x3  
  177  11:24  Hydralisk  
  183  11:29  Zergling x10  
  187  11:35  Drone x5  
  187  11:37  Hydralisk  
  190  11:41  Roach x2  
  190  11:45  Roach  
  190  11:46  Roach  
  194  11:50  Roach  
  194  11:51  Roach  
  194  11:53  Roach  
  199  12:05  Lurker Den  
  199  12:08  Extractor  
  198  12:09  Extractor  
  174  12:27  Hydralisk x4  
  174  12:28  Zergling x28  
  174  12:29  Zergling x2  
  182  12:35  Drone x2  
  162  12:38  Drone x5  
  162  12:43  Hydralisk  
  158  12:53  Roach x5  
  158  12:58  Roach x2  
  161  12:59  Roach  
  161  13:02  Roach  
  161  13:03  Roach  
  161  13:06  Roach  
  161  13:09  Ravager x4  
  161  13:10  Ravager x3  
  161  13:11  Ravager  
  161  13:12  Ravager  
  172  13:15  Roach  
  174  13:20  Drone x5  
  174  13:24  Drone x2  
  174  13:25  Roach  
  178  13:28  Roach  
  178  13:30  Roach  
  180  13:36  Roach  
  180  13:37  Roach  
Tags
 
Add a new tag
Caveats
  • Supply blocks, unpowered buildings, or Contaminate may cause inaccurate times.
  • Supply counts are checked every 10 seconds.